 Dungeon Crawl Stone Soup version 0.21.1-1-g345015fe64 (webtiles) character file.

361 Goboxel the Firebug (level 6, 0/41 HPs)
             Began as a Human Fire Elementalist on July 8, 2018.
             Slain by an orc priest
             ... wielding a +0 short sword
              (8 damage)
             ... on level 4 of the Dungeon.
             The game lasted 00:09:32 (3518 turns).

Goboxel the Firebug (Human Fire Elementalist)       Turns: 3518, Time: 00:09:32

Health: 0/41       AC:  4    Str:  8    XL:     6   Next: 99%
Magic:  15/15      EV: 18    Int: 16    God:
Gold:   202        SH:  0    Dex: 15    Spells: 6/12 levels left

rFire    + . .     SeeInvis .   k - +2 dagger (venom)
rCold    x . .     Gourm    .   (no shield)
rNeg     . . .     Faith    .   a - +0 robe
rPois    .         Spirit   .   r - +0 Maxwell's etheric cage {RegenMP+ *Contam rElec MP+4}
rElec    +         Reflect  .   o - +0 cloak
rCorr    .         Harm     .   (no gloves)
MR       .....                  (no boots)
Stlth    ++........             (no amulet)
HPRegen  0.13/turn              h - +5 ring of evasion MPRegen 0.64/turn*
                                p - ring of fire

@: very slightly contaminated
A: no striking features
a: no special abilities


You were on level 4 of the Dungeon.
You were not hungry.

You visited 1 branch of the dungeon, and saw 4 of its levels.

You collected 202 gold pieces.

Inventory:

Hand Weapons
 k - a +2 dagger of venom (weapon)
 n - a +0 broad axe
 q - a +0 long sword
Armour
 a - a +0 robe (worn)
 o - a +0 cloak (worn)
 r - the +0 Maxwell's etheric cage (worn) {RegenMP+ *Contam rElec MP+4}
   (You took it off Robin on level 3 of the Dungeon)

   It insulates you from electricity.
   It affects your magic capacity (+4).
   It causes magical contamination when unequipped.
Jewellery
 h - a +5 ring of evasion (left hand)
 p - a ring of fire (right hand)
Wands
 s - a wand of clouds (4)
 t - a wand of iceblast (9)
Scrolls
 g - 2 scrolls of remove curse
 j - 3 scrolls of identify
Potions
 d - a potion of magic
 e - a potion of might
 f - 2 potions of heal wounds
 l - 2 potions of agility
 m - a potion of brilliance
 u - a potion of haste {unknown}
Books
 b - a book of Flames

   Spells                             Type                      Level
   a - Flame Tongue                   Conjuration/Fire             1
   b - Throw Flame                    Conjuration/Fire             2
   c - Conjure Flame                  Conjuration/Fire             3
   d - Inner Flame                    Hexes/Fire                   3
   e - Sticky Flame                   Conjuration/Fire             4
   f - Fireball                       Conjuration/Fire             5
Comestibles
 c - 8 rations
 i - a chunk of flesh


   Skills:
 + Level 1.6 Short Blades
 + Level 2.6 Dodging
 - Level 2.0 Stealth
 * Level 3.8 Spellcasting
 * Level 3.5 Conjurations
 + Level 4.2 Fire Magic


You had 6 spell levels left.
You knew the following spells:

 Your Spells              Type           Power        Failure   Level  Hunger
a - Flame Tongue          Conj/Fire      ###..        3%          1    None
b - Throw Flame           Conj/Fire      ###...       5%          2    ##.....
c - Conjure Flame         Conj/Fire      ###.....     11%         3    ###....


Dungeon Overview and Level Annotations

Branches:
Dungeon (4/15)
 Temple: D:4-7

Altars:
Ashenzari
Elyvilon
Kikubaaqudgha
Sif Muna
Zin
The Shining One


Message History

The orc misses you.
Found 25 bolts.
What are your orders? t - Shout!
Orders for allies: a - Attack new target. r - Retreat! s - Stop attacking. g - Guard the area. f - Follow me.
Anything else - Cancel.
Okay, then.
Okay, then.
Casting: Flame Tongue
Confirm with . or Enter, or press ? or * to list all spells.
Aiming: Flame Tongue
Press: ? - help, Shift-Dir - straight line, f - orc priest
Aim: an orc priest, wielding a short sword and wearing a leather armour You feel a surge of power!
The flame tongue hits the orc priest.
The orc priest is severely wounded.
The bullfrog skeleton closely misses you.
The orc priest hits you with a short sword!
You die...

................o...!..
#############.##...# ...
..# #......(..s.###...
..# ..###...o##......
..####.##...#.####...##
.......#...##.##......##
.##....#......#........#
....##........)o........
.#.........s##.Z@.......
<#.#..###....#oo........
...#.## ##.#.s..H.......
..##.# #..###..........
)## .# #.# .......$...
.....# #. #...........
..#### #. ............
.## #. ##.^......... .#
#.........(


You could see a hippogriff, a scorpion, an orc priest, 2 orcs and a bullfrog
skeleton.

Vanquished Creatures
  An ogre (D:4)
  An orc priest (D:4)
  3 jellies (D:3)
  Robin (D:3)
  4 adders
  8 oozes (D:3)
  A worm (D:2)
  5 leopard geckos
  6 bats
  2 giant cockroaches (D:1)
  10 goblins
  6 hobgoblins
  3 jackals (D:2)
  A quokka (D:2)
  4 frilled lizards
  15 kobolds
  5 rats
76 creatures vanquished.

Vanquished Creatures (others)
  A fungus (D:3)
  9 toadstools (D:3)
10 creatures vanquished.

Grand Total: 86 creatures vanquished

Notes
Turn   | Place    | Note
-------+----------+-------------------------------------------
     0 | D:1      | Goboxel the Human Fire Elementalist began the quest for the Orb.
     0 | D:1      | Reached XP level 1. HP: 13/13 MP: 3/3
   239 | D:1      | Reached XP level 2. HP: 19/19 MP: 3/5
   600 | D:1      | Learned a level 2 spell: Throw Flame
   775 | D:1      | Reached XP level 3. HP: 23/24 MP: 3/6
   823 | D:1      | Learned a level 3 spell: Conjure Flame
  1304 | D:2      | Found a glowing silver altar of Zin.
  1370 | D:2      | Reached XP level 4. HP: 27/30 MP: 5/8
  2017 | D:3      | Noticed Robin
  2029 | D:3      | Killed Robin
  2214 | D:3      | Found a glowing golden altar of the Shining One.
  2293 | D:3      | Found an ancient bone altar of Kikubaaqudgha.
  2386 | D:3      | Found a deep blue altar of Sif Muna.
  2430 | D:3      | Reached XP level 5. HP: 32/35 MP: 9/9
  2502 | D:3      | Reached skill level 4 in Fire Magic
  2534 | D:3      | Reached skill level 1 in Short Blades
  2542 | D:3      | Reached XP level 6. HP: 24/41 MP: 11/11
  2775 | D:3      | Found a white marble altar of Elyvilon.
  2776 | D:3      | Found a shattered altar of Ashenzari.
  3193 | D:4      | Noticed an ogre
  3258 | D:4      | Killed an ogre
  3513 | D:4      | Noticed a hippogriff
  3518 | D:4      | Slain by an orc priest

Skill      XL: |  1  2  3  4  5 |
---------------+----------------+-----
Conjurations   | 2 3 |  3.5
Spellcasting   | 3 |  3.8
Fire Magic     | 4 |  4.2
Short Blades   | 1 |  1.6
Dodging        | |  2.6
Stealth        | |  2.0

Action                   |  1- 3 |  4- 6 || total
-------------------------+-------+-------++-------
Melee: Dagger            |    40 |    69 ||   109
       Unarmed           |     1 |       ||     1
       Broad axe         |     4 |     1 ||     5
 Cast: Flame Tongue      |    39 |    63 ||   102
       Conjure Flame     |       |     2 ||     2
       Throw Flame       |       |     1 ||     1
  Use: Scroll            |       |     8 ||     8
 Stab: Sleeping          |     5 |     2 ||     7
  Eat: Chunk             |     2 |     4 ||     6
       Ration            |       |     1 ||     1
Armor: Robe              |    16 |    17 ||    33
Dodge: Dodged            |    59 |    71 ||   130
